[Event "*** Titled Tuesday Blitz"]
[Site "Chess.com"]
[Date "2020.11.03"]
[Round "7"]
[White "TokChess"]
[Black "glebus008"]
[Result "1/2-1/2"]
[WhiteElo "2462"]
[BlackElo "2318"]
[TimeControl "180+1"]
[EndTime "11:20:46 PST"]
[Termination "Game drawn by repetition"]

1. c4 e6 2. Nf3 d5 3. b3 Nf6 4. Bb2 Be7 5. e3 O-O 6. Be2 c5 7. a3 Nc6 8. d3 a5 9. cxd5 Nxd5 10. Nbd2 b6 11. O-O Bb7 12. Qc2 Rc8 13. Rac1 f6 14.
Qb1 e5 15. Bd1 Kh8 16. Bc2 g6 17. h4 Kg7 18. Rfe1 Qd7 19. Ne4 h6 20. Ng3 Bd6 21. d4 Nde7 22. dxe5 Nxe5 23. Nxe5 Bxe5 24.
Red1 Qg4 25. Bxe5 fxe5 26. Be4 Bxe4 27. Qxe4 Qxe4 28. Nxe4 Rcd8 29. Nd6 Nf5 30. Nc4 Nxh4 31. Nxb6 Rxd1+ 32. Rxd1 Rb8 33. Rd6 Nf5 34. Rc6 Ne7 35. Rd6 Nf5 36. Re6 Kf7 37. Rc6 Ne7 38. Rd6 Nf5 39.
Rc6 Ne7 40. Rd6 Nf5 41. Rc6 1/2-1/2

[Event "*** Titled Tuesday Blitz"]
[Site "Chess.com"]
[Date "2020.11.03"]
[Round "7"]
[White "kinga2008"]
[Black "Mikhal867"]
[Result "0-1"]
[WhiteElo "2089"]
[BlackElo "2354"]
[TimeControl "180+1"]
[EndTime "11:20:47 PST"]
[Termination "Mikhal867 won by resignation"]

1. e4 g6 2. d4 Bg7 3. Be3 d6 4.
Nf3 a6 5. Bc4 e6 6. O-O Ne7 7. Nc3 b5 8. Bb3 Bb7 9. e5 h6 10. exd6 Qxd6 11. a4 b4 12. Nb1 Nf5 13.
c3 Nc6 14. Nbd2 Na5 15. Nc4 Nxc4 16. Bxc4 Qc6 17. Be2 bxc3 18. Rc1 Nxe3 19. fxe3 Qb6 20. bxc3 O-O 21. Rb1 Qc6 22. c4 a5 23. Qb3 Ba6 24. Rfc1 Rab8 25. Qxb8 Rxb8 26. Rxb8+ Kh7 27. Ra1 e5 28.
Nxe5 Bxe5 29. dxe5 Qc5 30. Rb3 Qxe5 31. Rf1 Kg7 32. Rc3 Qc5 33. Kf2 Bc8 34. Re1 Bd7 35. Bf3 Bxa4 36. Bd5 Bc6 37. Bxc6 Qxc6 38. Ra1 Qf6+ 0-1

[Event "*** Titled Tuesday Blitz"]
[Site "Chess.com"]
[Date "2020.11.03"]
[Round "7"]
[White "Tactictic"]
[Black "Ranindu2003"]
[Result "0-1"]
[WhiteElo "2401"]
[BlackElo "2576"]
[TimeControl "180+1"]
[EndTime "11:20:48 PST"]
[Termination "Ranindu2003 won on time"]

1. e4 e6 2. d4 d5 3. Nd2 c5 4. exd5 Qxd5 5. Ngf3 cxd4 6. Bc4 Qd6 7. O-O Nf6 8. Nb3 Nc6 9. Nbxd4 Nxd4 10. Nxd4 Be7 11. c3 O-O 12. Qf3 Qc7 13. Bb3 Bd7 14. Re1 a5 15.
Bf4 Bd6 16. Bxd6 Qxd6 17. a4 Rfe8 18. Rad1 Qb6 19. Re5 Rac8 20. Rg5 h6 21. Rg3 Kh8 22. h4 Rcd8 23. Bc2 Qc5 24. Qe2 e5 25. Nb3 Qc7 26.
Rgd3 e4 27. Rd4 Bg4 28. f3 exf3 29. Qd3 f2+ 30. Kxf2 Bxd1 31. Qxd1 Rxd4 32. Qxd4 Rd8 33. Qa7 Qf4+ 34. Ke1 Qxh4+ 35. Ke2 Ng4 36. Be4 Re8 0-1

[Event "*** Titled Tuesday Blitz"]
[Site "Chess.com"]
[Date "2020.11.03"]
[Round "7"]
[White "TregubovP"]
[Black "Ural_bogatyr"]
[Result "1/2-1/2"]
[WhiteElo "2535"]
[BlackElo "2389"]
[TimeControl "180+1"]
[EndTime "11:20:48 PST"]
[Termination "Game drawn by repetition"]

1. e4 e5 2. Nf3 Nc6 3. Bb5 Bc5 4. O-O Nf6 5. c3 O-O 6. d4 Bb6 7. d5 Ne7 8. Nxe5 d6 9. Nc4 Nxe4 10. Nxb6 axb6 11.
Bd3 Nf6 12. c4 Bf5 13. Nc3 Qd7 14. Bg5 Bxd3 15. Qxd3 Qf5 16. Qxf5 Nxf5 17. Bxf6 gxf6 18. Nb5 c6 19. Nc3 Rfe8 20. Rad1 c5 21. Rfe1 Kg7 22. Kf1 Nd4 23. Rxe8 Rxe8 24. Re1 Rxe1+ 25. Kxe1 f5 26. Kd2 Kf6 27. Ne2 Nxe2 28. Kxe2 Ke5 29. Ke3 f4+ 30.
Kd3 h5 31. h4 Kf5 32. f3 Ke5 33. Kc3 b5 34. cxb5 Kxd5 35. b3 Ke5 36. Kc4 b6 37. a4 d5+ 38. Kc3 Kd6 39. b4 f5 40.
a5 bxa5 41. bxa5 Kc7 42. Kd3 Kb7 43. Kc3 Kc7 44. Kd3 Kb7 45. Kc3 Kc7 1/2-1/2

[Event "*** Titled Tuesday Blitz"]
[Site "Chess.com"]
[Date "2020.11.03"]
[Round "7"]
[White "LimeInTheCoconut"]
[Black "Chernobay_Artem"]
[Result "0-1"]
[WhiteElo "2429"]
[BlackElo "2617"]
[TimeControl "180+1"]
[EndTime "11:20:49 PST"]
[Termination "Chernobay_Artem won by checkmate"]

1. d4 g6 2. e4 Bg7 3. c4 d6 4.
Nc3 e5 5. Nge2 Nc6 6. Be3 Nf6 7. f3 O-O 8. Qd2 a6 9. d5 Na5 10. Nc1 c5 11. Be2 Nh5 12. O-O Bd7 13. a3 b5 14.
cxb5 axb5 15. Nxb5 Qb8 16. a4 Nf4 17. Bxf4 exf4 18.
Qxf4 Bxb2 19. Rb1 Be5 20. Qh4 f5 21. exf5 Bxf5 22. Bd3 Bd7 23. f4 Bf6 24. Qg3 Kg7 25. Ne2 c4 26. Bc2 Nb3 27. Bxb3 cxb3 28. Qxb3 Re8 29.
Ned4 Qb6 30. Rbd1 Re4 31. Kh1 Bxd4 32. Nxd4 Qxb3 33. Nxb3 Raxa4 34. Rc1 Rxf4 35. Rc7 Rxf1# 0-1

[Event "*** Titled Tuesday Blitz"]
[Site "Chess.com"]
[Date "2020.11.03"]
[Round "7"]
[White "alexsergeyev"]
[Black "kingofthenil"]
[Result "0-1"]
[WhiteElo "2334"]
[BlackElo "2489"]
[TimeControl "180+1"]
[EndTime "11:20:49 PST"]
[Termination "kingofthenil won on time"]

1. d4 d6 2. Nc3 c6 3. e4 b6 4. Nf3 e6 5. Bf4 f6 6. Qd2 e5 7. Bg3 Nh6 8. O-O-O Nf7 9. Bc4 Qc7 10. Bxf7+ Kxf7 11. Nh4 g5 12. Nf3 h5 13. h3 Bh6 14. dxe5 dxe5 15.
Bxe5 fxe5 16. Nxg5+ Kg6 17. h4 Nd7 18. g3 Nc5 19. Qd6+ Qxd6 20. Rxd6+ Kg7 21. Rxc6 Bb7 22. Rc7+ Kg6 23. f4 Bxg5 24. hxg5 Bxe4 25. Re1 exf4 26.
gxf4 Rhe8 27. b4 Bf5 28. Rxe8 Rxe8 29. bxc5 h4 30. Rc6+ Be6 0-1

[Event "*** Titled Tuesday Blitz"]
[Site "Chess.com"]
[Date "2020.11.03"]
[Round "7"]
[White "tsvet2005"]
[Black "Frogo47"]
[Result "1-0"]
[WhiteElo "2697"]
[BlackElo "2451"]
[TimeControl "180+1"]
[EndTime "11:20:50 PST"]
[Termination "tsvet2005 won on time"]

1. d4 Nf6 2. c4 g6 3. Nc3 d5 4. Nf3 Bg7 5. h4 c6 6. cxd5 cxd5 7. Bf4 Nc6 8. e3 O-O 9. Qb3 Na5 10. Qa3 a6 11.
Bd3 b5 12. O-O Bb7 13. b3 Nc6 14. Qb2 Rc8 15. Rac1 Qa5 16. a3 Rfd8 17. Nb1 b4 18. a4 Ne4 19. Nfd2 e5 20. dxe5 Nxd2 21. Nxd2 d4 22. Nc4 Qd5 23. Nb6 Qe6 24. Nxc8 Bxc8 25.
Bg5 Rd7 26. exd4 Bb7 27. Be4 h6 28. Be3 Nxd4 29. Bxb7 Bxe5 30. Bxd4 Rxd4 31. g3 g5 32.
Qc2 Kg7 33. Bc8 Qf6 34. Qf5 1-0

[Event "*** Titled Tuesday Blitz"]
[Site "Chess.com"]
[Date "2020.11.03"]
[Round "7"]
[White "IMJonathanCarlstedt"]
[Black "saraswathii"]
[Result "1-0"]
[WhiteElo "2509"]
[BlackElo "2372"]
[TimeControl "180+1"]
[EndTime "11:20:50 PST"]
[Termination "IMJonathanCarlstedt won on time"]

1. d4 g6 2. e4 Bg7 3. Nc3 e6 4. h4 h5 5. Bg5 Ne7 6. d5 d6 7. dxe6 Bxe6 8. Nf3 Nbc6 9. Bb5 Qd7 10. O-O O-O 11.
Nd5 f6 12. Be3 a6 13. Ba4 b5 14. Bb3 f5 15. Ng5 Bxd5 16. Bxd5+ Nxd5 17. exd5 Ne5 18. Ne6 Rfe8 19. Bd4 c6 20. Nxg7 Kxg7 21. dxc6 Qxc6 22. f4 Rad8 23. Qe2 Kh7 24. fxe5 dxe5 25.
Bc3 b4 26. Be1 Rd4 27. Bf2 Re4 28. Qd3 Rg4 29. g3 f4 30. Rad1 Re7 31. Qd6 Qxd6 32. Rxd6 fxg3 33. Bc5 Rxh4 34. Rdf6 Rc7 35. Rf7+ Rxf7 36.
Rxf7+ Kg8 37. Rf3 Rc4 38. Bd6 h4 39. Bxe5 Rxc2 40. Rb3 a5 41. a3 bxa3 42. Rxa3 g5 43. Rxa5 Kf7 44. b4 Re2 45. Rc5 Ke6 46. Bc7 Kf6 47. b5 Kg6 48. b6 1-0

[Event "*** Titled Tuesday Blitz"]
[Site "Chess.com"]
[Date "2020.11.03"]
[Round "7"]
[White "MF1966Idrisov"]
[Black "vanyakuba"]
[Result "1/2-1/2"]
[WhiteElo "2361"]
[BlackElo "2511"]
[TimeControl "180+1"]
[EndTime "11:20:51 PST"]
[Termination "Game drawn by repetition"]

1. Nf3 d5 2. b3 c5 3. Bb2 Nc6 4. e3 a6 5. d4 Nf6 6. Bd3 Bg4 7. O-O e6 8. Nbd2 Bd6 9. a3 O-O 10. Qe1 Rc8 11. Ne5 Qc7 12. f4 Qb6 13. Nxc6 bxc6 14.
dxc5 Bxc5 15. Bxf6 gxf6 16. Qg3 Bxe3+ 17. Kh1 f5 18. h3 Bxd2 19. hxg4 Kh8 20. gxf5 Rg8 21.
Qh3 Qe3 22. Rf3 Qd4 23. Raf1 Qg7 24. fxe6 fxe6 25. Rg3 Qe7 26. Rg5 Rxg5 27. fxg5 Bxg5 28. Qh5 Bf6 29. Bxh7 Qxh7 30. Qxh7+ Kxh7 31. Rxf6 Re8 32. Rf7+ Kg6 33. Rc7 a5 34. Rxc6 Kf5 35. Kg1 Rb8 36. Kf2 e5 37. Rc5 Ke4 38. c3 Rf8+ 39. Ke2 Rg8 40.
Kf2 Rf8+ 41. Ke2 Rg8 42. Kf2 Rf8+ 1/2-1/2

[Event "*** Titled Tuesday Blitz"]
[Site "Chess.com"]
[Date "2020.11.03"]
[Round "7"]
[White "Tashik"]
[Black "barriochess"]
[Result "1-0"]
[WhiteElo "2490"]
[BlackElo "2362"]
[TimeControl "180+1"]
[EndTime "11:20:52 PST"]
[Termination "Tashik won by resignation"]

1. c4 e6 2. Nc3 d5 3. d4 c5 4. e3 Nf6 5. Nf3 a6 6. cxd5 exd5 7. g3 c4 8. Bg2 Bb4 9. O-O O-O 10. Bd2 Nc6 11.
b3 Bxc3 12. Bxc3 Ne4 13. Qe1 b5 14. bxc4 bxc4 15. Ne5 Nxe5 16. dxe5 Be6 17. Bd4 f5 18. h4 Qc7 19. Qb4 Rfb8 20. Qa3 h6 21. Kh2 Rb5 22.
Rab1 Rab8 23. Qxa6 Bc8 24. Qxb5 Rxb5 25. Rxb5 Qc6 26.
Rb6 Qe8 27. Rb8 Kh7 28. f3 Nd2 29. Rd1 c3 30. Bxc3 Nc4 31. Bd4 Qa4 32. Rc1 Bd7 33. f4 Qxa2 34. e6 Bxe6 35. Rb7 h5 36. Ra1 Qf2 37. Rxg7+ Kh6 38. Ra6 1-0

[Event "*** Titled Tuesday Blitz"]
[Site "Chess.com"]
[Date "2020.11.03"]
[Round "7"]
[White "AlexeiShirov"]
[Black "tptagain"]
[Result "1/2-1/2"]
[WhiteElo "2805"]
[BlackElo "2948"]
[TimeControl "180+1"]
[EndTime "11:20:55 PST"]
[Termination "Game drawn by agreement"]

1. e4 g6 2. d4 Bg7 3. Nc3 c6 4.
f4 d5 5. e5 Nh6 6. Nf3 O-O 7.
Bd3 f6 8. O-O Bg4 9. h3 Bxf3 10.
Rxf3 e6 11. Be3 c5 12. dxc5 fxe5 13. fxe5 Nf7 14. Nb5 Nc6 15. Nd6 Ncxe5 16. Nxf7 Nxf3+ 17. Qxf3 Rxf7 18. Qg4 Qd7 19. Rb1 e5 20. b4 Qxg4 21.
hxg4 e4 22. Be2 d4 23. Bg5 h6 24. Bh4 Be5 25. Bc4 Kg7 26. Bxf7 Kxf7 27. Re1 e3 28. Rd1 g5 29. Be1 Ke6 30. Kf1 Kd5 31. Ke2 Ke4 32. c3 Rf8 33. cxd4 Bxd4 34. Rc1 Rc8 35. Rc4 b5 36.
Rc2 Rc6 37. Rc1 Be5 38. Bc3 1/2-1/2

[Event "*** Titled Tuesday Blitz"]
[Site "Chess.com"]
[Date "2020.11.03"]
[Round "7"]
[White "tsaruk_maks"]
[Black "Oligan22"]
[Result "1-0"]
[WhiteElo "2580"]
[BlackElo "2408"]
[TimeControl "180+1"]
[EndTime "11:20:57 PST"]
[Termination "tsaruk_maks won by checkmate"]

1. e4 c5 2. Nf3 e6 3. d4 cxd4 4. Nxd4 Nc6 5. Nc3 a6 6. Be3 Nf6 7. a3 d6 8. Be2 Be7 9. Qd2 Bd7 10.
O-O-O b5 11. f4 Qc7 12. Bf3 Rb8 13. g4 h6 14. Nxc6 Bxc6 15. h4 a5 16. g5 Nd7 17.
Nd5 exd5 18. exd5 Bb7 19. Bd4 Kf8 20. Rde1 Nc5 21. Kb1 b4 22. axb4 axb4 23. Qg2 Rg8 24. Re3 b3 25. Rhe1 Re8 26. c4 Bc8 27. Qe2 Bf5+ 28. Kc1 Nd3+ 29. Rxd3 Bxd3 30. Qxd3 Rc8 31. Be2 Qa5 32. Bc3 Qa1+ 33. Kd2 Qa7 34. Bg4 Re8 35. Bd4 Qa5+ 36. Qc3 Qxc3+ 37. Kxc3 Rb8 38. Bd7 Bd8 39. Re8# 1-0

[Event "*** Titled Tuesday Blitz"]
[Site "Chess.com"]
[Date "2020.11.03"]
[Round "7"]
[White "Fins0905"]
[Black "Pilopa"]
[Result "1-0"]
[WhiteElo "2621"]
[BlackElo "2478"]
[TimeControl "180+1"]
[EndTime "11:20:58 PST"]
[Termination "Fins0905 won on time"]

1. e4 c6 2. d4 d5 3. e5 c5 4.
dxc5 e6 5. Be3 Nd7 6. Bb5 Ne7 7. c3 Nf5 8. Bd4 Qa5 9. Qa4 Qxa4 10. Bxa4 Kd8 11. Bxd7 Bxd7 12. Nd2 b6 13. cxb6 Nxd4 14. cxd4 axb6 15. Ne2 Bb4 16. a3 Bb5 17. Rc1 Be7 18. Nc3 Bd3 19. Nf3 Kd7 20. Kd2 Bc4 21. h4 h6 22. Ke3 Rhb8 23. Nd2 b5 24. b3 Rxa3 25. Ncb1 Ra2 26. bxc4 bxc4 27. Nc3 Ra3 28. Rc2 Rba8 29.
g3 Bb4 30. Rhc1 Ba5 31. Ke2 Rb8 32. Ndb1 Ra1 33. Nd2 Ra3 34. Nd1 Rd3 35. Nb1 Rdb3 36. Nbc3 Kc6 37. Ne3 1-0

[Event "*** Titled Tuesday Blitz"]
[Site "Chess.com"]
[Date "2020.11.03"]
[Round "7"]
[White "BabyFacedAssasin"]
[Black "Alindsay211"]
[Result "0-1"]
[WhiteElo "2263"]
[BlackElo "2462"]
[TimeControl "180+1"]
[EndTime "11:21:00 PST"]
[Termination "Alindsay211 won by resignation"]

1. e4 c5 2. Nf3 d6 3. d4 cxd4 4. Nxd4 Nf6 5. Nc3 g6 6. Be3 Bg7 7. f3 Nc6 8. Qd2 O-O 9. O-O-O d5 10. Qe1 e5 11. Nxc6 bxc6 12. exd5 cxd5 13. Bg5 Be6 14. Bc4 Qc7 15. Bxf6 dxc4 16. Bxg7 Kxg7 17. Nd5 Bxd5 18. Rxd5 f6 19. Qd2 Rfd8 20. Rd1 Rxd5 21. Qxd5 Re8 22. c3 Re7 23. h4 e4 24. fxe4 Qf4+ 25. Kb1 Qxh4 26.
Qxc4 h5 27. Qc5 Qxe4+ 28. Ka1 Qe2 29. Qd6 Rb7 30. Qd2 Qxd2 31. Rxd2 g5 32. c4 Rc7 33.
Rc2 f5 34. c5 h4 35. b4 g4 36. Rc3 Kf6 37. b5 g3 38. c6 f4 39. a4 h3 40. a5 hxg2 41. Rc1 f3 42. Rb1 f2 43.
b6 g1=Q 44. bxc7 f1=Q 0-1

[Event "*** Titled Tuesday Blitz"]
[Site "Chess.com"]
[Date "2020.11.03"]
[Round "7"]
[White "HanSchut"]
[Black "AurumO"]
[Result "1-0"]
[WhiteElo "2202"]
[BlackElo "1960"]
[TimeControl "180+1"]
[EndTime "11:21:01 PST"]
[Termination "HanSchut won by checkmate"]

1. e4 c5 2. Nf3 Nc6 3. d4 cxd4 4. Nxd4 g6 5. c4 Nf6 6. Nc3 Nxd4 7. Qxd4 d6 8. Be2 Bg7 9. Be3 O-O 10. Qd2 a5 11. O-O a4 12. f3 Qa5 13. b4 Qxb4 14. Rab1 Qa5 15. Rb5 Qd8 16. Bb6 Qe8 17. Bd1 Bd7 18.
Rb1 Bc6 19. Nd5 Bxd5 20. cxd5 Nd7 21. Be3 Qc8 22. Be2 Nc5 23. Rfc1 Qc7 24. Qb4 Rfb8 25.
Kf1 b6 26. Bb5 Ra5 27. Bxa4 Qa7 28. Bc2 Rxa2 29. Rb2 Rxb2 30. Qc4 Ra2 31. h4 Ra1 32. Rxa1 Qxa1+ 33. Kf2 Qb2 34. Kg3 Ra8 35. h5 Ra2 36. h6 Bf6 37. e5 Bxe5+ 38. f4 f5 39. fxe5 dxe5 40. Bg5 f4+ 41. Kg4 Qxc2 42. Qb5 e6 43. Qe8# 1-0

[Event "*** Titled Tuesday Blitz"]
[Site "Chess.com"]
[Date "2020.11.03"]
[Round "7"]
[White "davidkalashian"]
[Black "vugarrasulov"]
[Result "0-1"]
[WhiteElo "2603"]
[BlackElo "2853"]
[TimeControl "180+1"]
[EndTime "11:21:03 PST"]
[Termination "vugarrasulov won on time"]

1. d4 a6 2. e4 b5 3. Nf3 Bb7 4. Bd3 e6 5. O-O d5 6. e5 c5 7. c3 Nc6 8. Be3 c4 9. Bc2 Nge7 10. Nbd2 Qd7 11. Ne1 Nf5 12. Bxf5 exf5 13. f4 Be7 14. Ndf3 Nd8 15. Bf2 Ne6 16. Qd2 a5 17. Bh4 Qd8 18. Bxe7 Qxe7 19. a3 Kd7 20. Nc2 Rhb8 21. Ng5 h6 22. Nxe6 fxe6 23. Ne3 Bc6 24. g4 g6 25. gxf5 gxf5 26. Qf2 b4 27. axb4 axb4 28. Kh1 Kc7 29.
Rg1 bxc3 30. bxc3 Ra3 31. Qd2 Rbb3 32. Nc2 Rxa1 33. Rxa1 Qh4 34. Nb4 Bb7 35. Rf1 Qh3 36. Rg1 Qf3+ 37. Qg2 Qxg2+ 38. Rxg2 Rxc3 39. Rg7+ Kb6 40. Rg6 Kb5 41. Rxe6 Rc1+ 42. Kg2 c3 0-1

[Event "*** Titled Tuesday Blitz"]
[Site "Chess.com"]
[Date "2020.11.03"]
[Round "7"]
[White "annamaja"]
[Black "Shuvalov"]
[Result "1-0"]
[WhiteElo "2305"]
[BlackElo "2416"]
[TimeControl "180+1"]
[EndTime "11:21:03 PST"]
[Termination "annamaja won by checkmate"]

1. e4 e6 2. d4 d5 3. exd5 exd5 4.
c4 Nf6 5. Nc3 Be7 6. Bd3 dxc4 7.
Bxc4 O-O 8. Nge2 Nbd7 9. O-O Nb6 10. Bb3 c6 11. Bg5 Nfd5 12. Bxe7 Nxe7 13. Ng3 Nbd5 14. Bc2 Nf4 15. Re1 Ne6 16. Qd3 Ng6 17. Rad1 Nef4 18. Qf3 Qh4 19. Bf5 Bxf5 20. Nxf5 Qg5 21. Ne3 Rad8 22.
Ne4 Qa5 23. Nc4 Qxa2 24. Ncd6 Qxb2 25. Nf5 Rd5 26. Ned6 b5 27. h4 h5 28. g4 hxg4 29. Qxg4 Qb3 30. Re3 Nh3+ 31. Rxh3 Qc2 32. h5 Rd8 33. hxg6 Rxf5 34. gxf7+ Kf8 35. Nxf5 Kxf7 36. Qxg7+ Ke6 37. Qe5+ Kd7 38. Rh7+ Kc8 39. Qc7# 1-0

[Event "*** Titled Tuesday Blitz"]
[Site "Chess.com"]
[Date "2020.11.03"]
[Round "7"]
[White "ArjunErigaisi2003"]
[Black "Smirnov_Pavel"]
[Result "1/2-1/2"]
[WhiteElo "2984"]
[BlackElo "2848"]
[TimeControl "180+1"]
[EndTime "11:21:04 PST"]
[Termination "Game drawn by repetition"]

1. Nf3 Nf6 2. c4 e6 3. g3 d5 4.
d4 Be7 5. Bg2 O-O 6. O-O c6 7.
Qc2 b6 8. Nbd2 Bb7 9. e4 Na6 10.
b3 Nb4 11. Qb1 dxe4 12. Nxe4 c5 13. Nxf6+ Bxf6 14. Ba3 Bxf3 15. Bxf3 Qxd4 16. Bxa8 Qxa1 17. Qxa1 Bxa1 18. Bxb4 cxb4 19. Rxa1 Rxa8 20. Rd1 a5 21.
Rd6 Rb8 22. Kg2 Kf8 23. Rd7 b5 24. Ra7 bxc4 25. bxc4 Rc8 26. Rxa5 Rxc4 27. Ra4 Rc2 28. Rxb4 Rxa2 29. Rb8+ Ke7 30. Rb7+ Kf6 31. h4 h5 32. Rb8 g6 33. Rb5 e5 34. Rb7 Ke6 35. Rc7 f6 36. Rb7 Kf5 37. Rb4 Rc2 38. Ra4 Rd2 39. Kf3 e4+ 40. Ke3 Rd3+ 41. Ke2 Rc3 42. Ra6 Rc2+ 43. Ke3 Rc3+ 44. Ke2 Rd3 45. Ra5+ Ke6 46. Ra6+ Ke5 47. Ra5+ Rd5 48. Ra8 Kf5 49. Ra4 Rd6 50. Ke3 Rd3+ 51.
Ke2 Rd6 52. Ke3 Rd3+ 1/2-1/2

[Event "*** Titled Tuesday Blitz"]
[Site "Chess.com"]
[Date "2020.11.03"]
[Round "7"]
[White "Gloomy_Wanderer"]
[Black "Rakesh"]
[Result "1-0"]
[WhiteElo "2702"]
[BlackElo "2472"]
[TimeControl "180+1"]
[EndTime "11:21:04 PST"]
[Termination "Gloomy_Wanderer won by resignation"]

1. d4 Nf6 2. Nf3 e6 3. c4 c5 4. d5 b5 5. dxe6 fxe6 6. cxb5 d5 7. Nc3 Bd6 8. e4 O-O 9. e5 d4 10. Ne2 Bb7 11. exd6 Qxd6 12. Ng3 e5 13. Bc4+ Kh8 14. O-O Nbd7 15. Nf5 Qc7 16. Ng5 Nb6 17. b3 e4 18.
Ng3 Nxc4 19. bxc4 Rae8 20. a4 h6 21. Nh3 Qd7 22. a5 Ng4 23. b6 a6 24. Bf4 Qe6 25. Rc1 Ne5 26. Bxe5 Qxe5 27. Qh5 Qd6 28. Rcd1 Re5 29.
Qg4 Qe7 30. Nf4 Kg8 31. Ng6 Qf6 32. Nxe5 Qxe5 33. Rfe1 Qf6 34. Nxe4 Bxe4 35. Qxe4 Qxf2+ 36. Kh1 Rf4 37. Qd5+ Kh7 38. b7 Rf8 39. Qe4+ Kh8 40. h3 1-0

[Event "*** Titled Tuesday Blitz"]
[Site "Chess.com"]
[Date "2020.11.03"]
[Round "7"]
[White "MaxLeto"]
[Black "DonBroca"]
[Result "1-0"]
[WhiteElo "2355"]
[BlackElo "2099"]
[TimeControl "180+1"]
[EndTime "11:21:04 PST"]
[Termination "MaxLeto won by resignation"]

1. g4 g6 2. d3 Bg7 3. h4 b6 4.
Bg2 Nc6 5. h5 Bb7 6. h6 Bf8 7.
Nc3 d5 8. Nxd5 Nb4 9. Nf6+ Nxf6 10. Bxb7 Rb8 11. Bf3 e5 12. c3 Nbd5 13. Qa4+ Qd7 14. Qxa7 Rd8 15. g5 Ng8 16. Bd2 Nge7 17. c4 Nf4 18.
O-O-O Nf5 19. Bc3 Bd6 20. Qb7 Ne7 21. Qe4 Qe6 22. e3 Nh5 23. Bg4 f5 24. gxf6 Qxf6 25.
Nf3 Rf8 26. Rd2 Nf5 27. Nxe5 Bxe5 28. Bxe5 Qe6 29. Bxh5 gxh5 30. d4 Rf7 31. Kb1 Nxh6 32.
Rxh5 Nf5 33. d5 Qe7 34. Rxf5 Rd7 35. Rxf7 Qxf7 36. Bxc7+ Kf8 37. Be5 Qg6 38. Qxg6 hxg6 39. f4 Kf7 40. Rg2 Ra7 41. b3 b5 42. cxb5 1-0

[Event "*** Titled Tuesday Blitz"]
[Site "Chess.com"]
[Date "2020.11.03"]
[Round "7"]
[White "yobdc"]
[Black "PlotnikovPavel"]
[Result "1-0"]
[WhiteElo "2344"]
[BlackElo "2438"]
[TimeControl "180+1"]
[EndTime "11:21:06 PST"]
[Termination "yobdc won by checkmate"]

1. d4 Nf6 2. Nf3 g6 3. Nbd2 Bg7 4. e4 d6 5. Bb5+ c6 6. Bd3 O-O 7. O-O Qc7 8. Re1 e5 9. c3 b5 10.
a4 Bd7 11. axb5 cxb5 12. d5 a5 13. Nb3 a4 14. Be3 Na6 15. Nbd2 Nc5 16. Bc2 Rfb8 17. h3 Nh5 18. b3 axb3 19. Bxb3 Na4 20. c4 Nc3 21. Qc2 Ne2+ 22. Kh2 Nef4 23. c5 Bc8 24. c6 f5 25. Ra2 Rxa2 26. Qxa2 fxe4 27. Nxe4 Bf5 28. Nfd2 Kh8 29. Qa3 b4 30. Qa7 Qc8 31. Nxd6 Qf8 32. Nf7+ Kg8 33. d6 Be6 34. Bxe6 Nxe6 35. Ng5 Nxg5 36. Bxg5 Ra8 37. Qe7 Qxf2 38. Nf3 Qg3+ 39. Kh1 Qf2 40. d7 Ng3+ 41. Kh2 Nf1+ 42. Rxf1 Qxf1 43. c7 e4 44. d8=Q+ Rxd8 45. cxd8=Q+ Bf8 46. Qdxf8# 1-0

[Event "*** Titled Tuesday Blitz"]
[Site "Chess.com"]
[Date "2020.11.03"]
[Round "7"]
[White "boasovietica"]
[Black "Zarikovs1999"]
[Result "1-0"]
[WhiteElo "2546"]
[BlackElo "2351"]
[TimeControl "180+1"]
[EndTime "11:21:07 PST"]
[Termination "boasovietica won by resignation"]

1. e4 c5 2. Nf3 d6 3. d4 cxd4 4. Nxd4 Nf6 5. Nc3 a6 6. Be3 e5 7. Nf3 Ng4 8. Nd5 Nxe3 9. Nxe3 Be6 10. Bc4 Be7 11. O-O O-O 12. Qd2 Nc6 13. Rfd1 b5 14. Bd5 Rc8 15. a4 Qb6 16. axb5 axb5 17. c3 Rfd8 18. b4 Bxd5 19. Nxd5 Qb7 20. Ra2 Ra8 21. Rda1 Bf8 22. h3 Ne7 23. Ne3 Qxe4 24. Rxa8 Rxa8 25.
Rxa8 Qxa8 26. Qxd6 Qa1+ 27. Kh2 Qxc3 28. Ng4 e4 29.
Nfe5 Ng6 30. Qd5 Nxe5 31. Nxe5 Qc7 32. g3 Bxb4 33. Qxb5 Bf8 34. Qd5 Bd6 35. Nc4 Bc5 36.
Qxe4 g6 37. f4 Qd7 38. Qe5 Qd2+ 39. Nxd2 Bf8 40. Ne4 Bg7 41. Qe8+ Bf8 42. Qe5 Bg7 43. Nf6+ Kf8 44. Nd7+ Kg8 45. Qe8+ 1-0

[Event "*** Titled Tuesday Blitz"]
[Site "Chess.com"]
[Date "2020.11.03"]
[Round "7"]
[White "jaskol95"]
[Black "Oglob71"]
[Result "0-1"]
[WhiteElo "2324"]
[BlackElo "2477"]
[TimeControl "180+1"]
[EndTime "11:21:07 PST"]
[Termination "Oglob71 won by resignation"]

1. d4 Nf6 2. c4 e6 3. Nf3 Bb4+ 4. Bd2 a5 5. Nc3 b6 6. a3 Bxc3 7. Bxc3 Ne4 8. Qc2 Bb7 9. e3 Nxc3 10. Qxc3 d6 11. d5 e5 12. Bd3 Nd7 13. O-O O-O 14. b4 f5 15. e4 f4 16. c5 bxc5 17. bxc5 Nxc5 18. Nxe5 Nxd3 19. Nxd3 f3 20. g3 Ba6 21. Rfd1 Qd7 22. Ne1 Be2 23. Rdc1 Rf7 24. Qc6 Qd8 25. Rc3 Ra6 26. Qb7 Rb6 27. Qa7 h5 28. Rac1 Ra6 29.
Qb7 Rb6 30. Qa7 Qg5 31. Rxc7 Qxc1 32. Qa8+ Rf8 33. Qxf8+ Kxf8 34. Rxc1 Ke7 35. h3 Rb3 36. Kh2 Rxa3 37. Rc7+ Kf6 38. Nc2 Ra4 39. Ne3 Rxe4 40.
Ra7 Rxe3 41. g4 Ra3 42. g5+ Kxg5 43. Rxg7+ Kf5 44. h4 Ra4 45. Kh3 Rg4 46. Rf7+ Ke5 47. Re7+ Kxd5 48. Ra7 a4 49. Ra5+ Ke6 50. Rxh5 Rb4 51.
Ra5 Kf6 52. h5 Kg7 53. Ra6 Kh6 54. Rxd6+ Kxh5 55. Rd5+ Kg6 56. Rd6+ Kf5 57. Rd5+ Ke4 58. Ra5 Kd3 59. Kg3 Kc2 60. Kh2 Kb2 61. Kg1 a3 62. Rh5 a2 63. Rh4 a1=Q+ 64. Kh2 Rxh4+ 65. Kg3 Rh3+ 66. Kxh3 Qg1 0-1

[Event "*** Titled Tuesday Blitz"]
[Site "Chess.com"]
[Date "2020.11.03"]
[Round "7"]
[White "nocnypako"]
[Black "Fandorine"]
[Result "0-1"]
[WhiteElo "2580"]
[BlackElo "2829"]
[TimeControl "180+1"]
[EndTime "11:21:09 PST"]
[Termination "Fandorine won by checkmate"]

1. d4 Nf6 2. c4 g6 3. Nc3 Bg7 4.
e4 d6 5. Nf3 O-O 6. Be2 e5 7. O-O exd4 8. Nxd4 Re8 9. f3 c6 10. Kh1 Nbd7 11. Bg5 h6 12. Bh4 g5 13. Bg3 Ne5 14. Nf5 Bxf5 15. exf5 d5 16. cxd5 Nxd5 17. Nxd5 Qxd5 18. Qxd5 cxd5 19. Rac1 Nc6 20. Bb5 Bxb2 21.
Rc2 Bg7 22. Bxc6 bxc6 23. Rxc6 d4 24. f6 Bf8 25. h4 gxh4 26. Bxh4 Rad8 27. Rd1 Re2 28.
Ra6 Rd7 29. Kg1 Bc5 30. Kf1 Rb2 31. Bf2 Bb6 32. Ra4 Rb5 33. Rc4 Kh7 34. Rc2 Kg6 35. Rc6 Rh5 36. Kg1 Rf5 37. Bh4 d3+ 38. Kf1 Rh5 39. g3 Ra5 40. Rc3 Rad5 41. g4 h5 42. Kg2 hxg4 43. fxg4 d2 44. Kf3 R7d6 45. Bg3 Rxf6+ 46. Ke4 Rd4+ 47. Ke5 Re6# 0-1

[Event "*** Titled Tuesday Blitz"]
[Site "Chess.com"]
[Date "2020.11.03"]
[Round "7"]
[White "Promacherr"]
[Black "BilodeauA"]
[Result "0-1"]
[WhiteElo "2703"]
[BlackElo "2881"]
[TimeControl "180+1"]
[EndTime "11:21:10 PST"]
[Termination "BilodeauA won by resignation"]

1. d4 d5 2. Bf4 Nf6 3. e3 e6 4. Nd2 c5 5. c3 Nc6 6. Ngf3 Be7 7.
Bd3 O-O 8. Ne5 Nd7 9. Qh5 f5 10. g4 Nf6 11. Qh3 Nxe5 12. dxe5 Nxg4 13. Rg1 Bh4 14. Rxg4 fxg4 15. Qxg4 b5 16. Nf3 Be7 17. O-O-O Rf5 18. Rg1 g6 19. h4 b4 20. h5 bxc3 21. hxg6 h5 22. Qh3 Qf8 23. Ng5 Rxg5 24. Rxg5 Bxg5 25.
Qxh5 Qh6 26. Qxh6 Bxh6 27. Bxh6 cxb2+ 28. Kxb2 Bd7 29. f4 Rb8+ 30. Kc3 Rb6 31. e4 d4+ 32.
Kc2 Ba4+ 33. Kc1 c4 34. Bf1 d3 35. f5 Be8 36. Kd2 Rb2+ 37. Ke3 d2 38. Be2 c3 39. Bd1 c2 40. Bxc2 Rxc2 0-1